 Dungeon Crawl Stone Soup version 0.20-a0-501-g0de2c2e (webtiles) character file.

80 Ijustatesigmund the Slasher (level 4, -4/37 HPs)
             Began as a Barachian Fighter on Jan 19, 2017.
             Slain by an iron imp (8 damage)
             ... summoned by Natasha
             ... on level 2 of the Dungeon.
             The game lasted 00:02:57 (1570 turns).

Ijustatesigmund the Slasher (Barachian Fighter)     Turns: 1570, Time: 00:02:58

Health: -4/37      AC:  9    Str: 14    XL:     4   Next: 39%
Magic:  4/4        EV:  6    Int:  6    God:
Gold:   152        SH:  8    Dex: 11    Spells: 3/3 levels left

rFire    . . .     SeeInvis .   a - +1 long sword
rCold    . . .     Gourm    .   b - +0 scale mail
rNeg     + . .     Faith    .   c - +0 shield
rPois    .         Spirit   .   (no helmet)
rElec    .         Reflect  .   (no cloak)
rCorr    .         Harm     .   e - +0 pair of gloves
MR       .....                  q - +0 pair of boots
Stlth    ..........             (no amulet)
Regen    0.2/turn               (no ring)
                                p - ring of positive energy

@: slow
A: swims, slowness 1, strong legs 1
a: Hop


You were on level 2 of the Dungeon.
You were hungry.

You visited 1 branch of the dungeon, and saw 2 of its levels.

You collected 152 gold pieces.

Inventory:

Hand Weapons
 a - a +1 long sword (weapon)
Armour
 b - a +0 scale mail (worn)
 c - a +0 shield (worn)
 e - a +0 pair of gloves (worn)
 q - a +0 pair of boots (worn)
Jewellery
 p - a ring of positive energy (left hand)
Scrolls
 h - 2 scrolls of teleportation
Potions
 d - a potion of might
 g - 2 potions of curing
 j - a potion of haste {unknown}
 o - a potion of heal wounds {unknown}
Comestibles
 f - 2 bread rations
 i - 3 meat rations
 n - a beef jerky


   Skills:
 + Level 4.1 Fighting
 * Level 4.2 Long Blades
 - Level 3.2 Armour
 - Level 3.0 Shields


You had 3 spell levels left.
You didn't know any spells.

Dungeon Overview and Level Annotations

Branches:
Dungeon (2/15)

Altars:

Annotations:
D:2 Natasha


Innate Abilities, Weirdness & Mutations

You can swim through water.
You cover ground slowly.
You can hop short distances.


Message History

You are too injured to fight recklessly!
You are too injured to fight recklessly!
You are too injured to fight recklessly!
You are too injured to fight recklessly!
You are too injured to fight recklessly!
You are too injured to fight recklessly!
You are too injured to fight recklessly!
You hit Natasha.
Natasha is moderately wounded.
Natasha barely misses you. You block the iron imp's attack.
You barely miss Natasha.
Natasha is moderately wounded.
Natasha claws you. The iron imp hits you!
* * * LOW HITPOINT WARNING * * *
You hit Natasha but do no damage.
Natasha is moderately wounded.
Natasha claws you.
* * * LOW HITPOINT WARNING * * *
The iron imp hits you!
You die...

.....# #.##
###### ###.###
#.....#
#.....##.#
#.........
#.....##.#
#.....# # ###h###
##@# #.5####.#
#.......#
#.#######
###############.#
................#
#################


You could see an iron imp and Natasha.

Vanquished Creatures
  Natasha (twice) (D:2)
  An adder (D:2)
  2 leopard geckos
  3 bats (D:1)
  A giant cockroach (D:1)
  3 goblins (D:2)
  2 hobgoblins
  4 kobolds
  2 ball pythons
  A rat (D:1)
  A fungus (D:1)
22 creatures vanquished.

Notes
Turn   | Place    | Note
-------+----------+-------------------------------------------
     0 | D:1      | Ijustatesigmund the Barachian Fighter began the quest for the Orb.
     0 | D:1      | Reached XP level 1. HP: 18/18 MP: 1/1
   208 | D:1      | Reached XP level 2. HP: 24/24 MP: 2/2
   870 | D:2      | Noticed Natasha
   880 | D:2      | Killed Natasha
   880 | D:2      | Reached XP level 3. HP: 13/30 MP: 3/3
  1112 | D:2      | Noticed Natasha
  1300 | D:2      | Killed Natasha
  1300 | D:2      | Reached XP level 4. HP: 20/37 MP: 4/4
  1561 | D:2      | Noticed Natasha
  1570 | D:2      | Slain by an iron imp

Vault maps used:
D:1:      mrwooster_arrival_statue, minmay_gold_behind_fungi,
          serial_park_tiny_pond
D:2:      roderic_roman_lattice, uniq_sigmund, uniq_natasha

Skill      XL: |  1  2  3 |
---------------+----------+-----
Long Blades    | 3 4 |  4.2
Fighting       | 4 |  4.1
Armour         | |  3.2
Shields        | |  3.0

Action                   |  1- 3 |  4- 6 || total
-------------------------+-------+-------++-------
Melee: Long sword        |   105 |    16 ||   121
  Use: Scroll            |       |     5 ||     5
  Eat: Chunk             |     2 |       ||     2
Armor: Scale mail        |    44 |     4 ||    48
Dodge: Dodged            |    34 |     4 ||    38
Block: Shield            |    55 |     9 ||    64
       Rpst.: Long sword |     6 |     1 ||     7
